 Dungeon Crawl Stone Soup version 0.22.1-1-ga44c0e5 (webtiles) character file.

96 Iscandelvey the Magician (level 4, -11/33 HPs)
             Began as a Demigod Wizard on Oct 5, 2018.
             Killed by divine providence
             ... invoked by an orc priest
              (12 damage)
             ... on level 2 of the Dungeon.
             The game lasted 00:08:07 (2722 turns).

Iscandelvey the Magician (Demigod Wizard)           Turns: 2722, Time: 00:08:22

Health: -11/33     AC:  2    Str: 10    XL:     4   Next: 18%
Magic:  5/12       EV: 12    Int: 24    God:
Gold:   106        SH:  0    Dex: 14    Spells: 2/10 levels left

rFire    . . .     SeeInvis .   k - +3 spear
rCold    . . .     Gourm    .   (no shield)
rNeg     . . .     Faith    .   a - +0 robe
rPois    .         Spirit   .   b - +0 hat
rElec    .         Reflect  .   (no cloak)
rCorr    .         Harm     .   (no gloves)
MR       .....                  (no boots)
Stlth    ++........             (no amulet)
HPRegen  0.11/turn              (no ring)
MPRegen  0.13/turn              (no ring)

@: no status effects
A: high mp 1
a: no special abilities


You were on level 2 of the Dungeon.
You were not hungry.

You visited 1 branch of the dungeon, and saw 3 of its levels.

You collected 106 gold pieces.

Inventory:

Hand Weapons
 c - a +0 short sword
 k - a +3 spear (weapon)
 n - a +2 dagger of venom
Missiles
 l - 49 stones (quivered)
Armour
 a - a +0 robe (worn)
 b - a +0 hat (worn)
Scrolls
 e - 3 scrolls of identify {unknown}
 j - a scroll of random uselessness {unknown}
 o - a scroll of teleportation {unknown}
Potions
 f - a potion of mutation {unknown}
 g - a potion of resistance {unknown}
 h - a potion of cancellation {unknown}
 i - a potion of brilliance {unknown}
Comestibles
 d - 2 rations
 m - 2 chunks of flesh


   Skills:
 + Level 2.2 Dodging
 + Level 2.2 Stealth
 * Level 3.8 Spellcasting
 * Level 1.6 Conjurations
 + Level 0.8 Summonings
 + Level 0.9 Translocations


You had 2 spell levels left.
You knew the following spells:

 Your Spells              Type           Power        Failure   Level  Hunger
a - Magic Dart            Conj           ##..         4%          1    None
b - Blink                 Tloc           N/A          11%         2    #......
c - Call Imp              Summ           #.......     11%         2    #......
d - Conjure Flame         Conj/Fire      #.......     22%         3    ##.....

Your spell library contained the following spells:

 Spells                   Type           Power        Failure   Level  Hunger
 Slow                     Hex            #.......     16%         2    #......
 Mephitic Cloud           Conj/Pois/Air  #.......     24%         3    ##.....


Dungeon Overview and Level Annotations

Branches:
Dungeon (3/15)


Innate Abilities, Weirdness & Mutations

You have an increased reservoir of magic. (+10% MP)


Message History

You blink.
Casting: Blink (safe; 11% risk of failure)
Confirm with . or Enter, or press ? or * to list all spells.
Aiming: Conjure Flame (safe; 22% risk of failure)
Press: ? - help, Dir - move target cursor The fire ignites!
Attack whom?
Press: ? - help, Dir - move target cursor, f - orc priest
Aim: an orc priest, wielding a falchion You reach to attack!
You barely miss the orc priest.
Attack whom?
Press: ? - help, Dir - move target cursor, f/p - orc priest
Aim: an orc priest, wielding a falchion You reach to attack!
You closely miss the orc priest.
The orc priest calls down the wrath of Beogh upon you.
Pain shoots through your body!
* * * LOW HITPOINT WARNING * * *
The orc priest calls down the wrath of Beogh upon you.
Beogh smites you!
You die...

#.# #....># #........###
#.# #####.# #........# #.#
#.# #####.#### #.# #§# #.#
#.##########.#######.#
#.........##.o>....#.######
#########.##...............
#.##o.#...........<
#.@§o...##.##..###.
####..####.##......
#.......##...#..
##......##...##.
########.÷..... #.#.)...
####.###### #.......# #
#>##.##.# #


You could see an orc priest and an orc.

Vanquished Creatures
  A crimson imp (D:2)
  An ooze (D:1)
  2 worms (D:2)
  A dart slug (D:1)
  4 leopard geckos
  3 bats (D:1)
  2 giant cockroaches
  5 goblins
  5 hobgoblins
  A jackal (D:3)
  9 kobolds
  2 frilled lizards
  9 rats
45 creatures vanquished.

Notes
Turn   | Place    | Note
-------+----------+-------------------------------------------
     0 | D:1      | Iscandelvey the Demigod Wizard began the quest for the Orb.
     0 | D:1      | Reached XP level 1. HP: 14/14 MP: 6/6
   173 | D:1      | Reached skill level 3 in Spellcasting
   173 | D:1      | Reached XP level 2. HP: 20/20 MP: 0/8
   266 | D:1      | Reached skill level 1 in Conjurations
   671 | D:1      | Reached XP level 3. HP: 26/26 MP: 8/10
  1510 | D:2      | Learned a level 2 spell: Blink
  1513 | D:2      | Learned a level 2 spell: Call Imp
  1517 | D:2      | Learned a level 3 spell: Conjure Flame
  2231 | D:2      | Reached XP level 4. HP: 17/33 MP: 3/12
  2694 | D:3      | Noticed an orc warrior
  2722 | D:2      | HP: 1/33 [orc priest/nerve-wracking pain (14)]
  2722 | D:2      | Killed from afar by an orc priest

Skill      XL: |  1  2  3 |
---------------+----------+-----
Dodging        | 2 |  2.2
Spellcasting   | 3 |  3.8
Conjurations   | 1 |  1.6
Stealth        | 2 |  2.2
Summonings     | |  0.8
Translocations | |  0.9

Action                   |  1- 3 |  4- 6 || total
-------------------------+-------+-------++-------
Melee: Short sword       |    53 |       ||    53
       Spear             |    62 |    22 ||    84
 Cast: Magic Dart        |    52 |     6 ||    58
       Conjure Flame     |     3 |     2 ||     5
       Blink             |     1 |     4 ||     5
 Stab: Sleeping          |     5 |     2 ||     7
  Eat: Chunk             |     4 |     2 ||     6
Armor: Robe              |    11 |     4 ||    15
Dodge: Dodged            |    63 |    10 ||    73
